 Dungeon Crawl Stone Soup version 0.24.1 (webtiles) character file.

Game seed: 5251714677041209044, levelgen mode: deterministic

23 Destapler the Stinger (level 3, 0/24 HPs)
             Began as a Merfolk Venom Mage on Mar 31, 2020.
             Slain by a leopard gecko (5 damage)
             ... on level 1 of the Dungeon.
             The game lasted 00:05:51 (721 turns).

Destapler the Stinger (Merfolk Venom Mage)           Turns: 721, Time: 00:05:52

Health: 0/24       AC:  2    Str:  8    XL:     3   Next: 0%
Magic:  0/6        EV: 13    Int: 15    God:
Gold:   68         SH:  0    Dex: 14    Spells: 5/6 levels left

rFire    . . .     SeeInvis .   a - +0 spear
rCold    . . .     Gourm    .   (no shield)
rNeg     . . .     Faith    .   r - +0 robe
rPois    .         Spirit   .   (no helmet)
rElec    .         Reflect  .   (no cloak)
rCorr    .         Harm     .   (no gloves)
MR       .....                  (no boots)
Stlth    ++........             (no amulet)
HPRegen  0.08/turn              (no ring)
MPRegen  0.10/turn              (no ring)

@: very slightly contaminated
A: change form in water, swift swim, stealthy swim
a: no special abilities


You were on level 1 of the Dungeon.
You were not hungry.

You visited 1 branch of the dungeon, and saw 1 of its levels.

You collected 68 gold pieces.

Inventory:

Hand Weapons
 a - a +0 spear (weapon)
 b - a +0 dagger
Armour
 r - a +0 robe (worn)
Scrolls
 e - a scroll of identify {unknown}
Potions
 f - a potion of might {unknown}
Comestibles
 c - a ration
 d - 11 chunks of flesh


   Skills:
 + Level 0.0 Polearms
 + Level 3.1 Dodging
 + Level 2.6 Stealth
 + Level 2.2 Spellcasting
 + Level 1.1 Conjurations
 + Level 3.5 Poison Magic


You had 5 spell levels left.
You knew the following spells:

 Your Spells              Type           Power        Failure   Level  Hunger
a - Sting                 Conj/Pois      #...         9%          1    #......

Your spell library contained the following spells:

 Spells                   Type           Power        Failure   Level  Hunger
 Poisonous Vapours        Pois/Air       #.....       16%         2    ###....
 Mephitic Cloud           Conj/Pois/Air  #.......     34%         3    ###....
 Olgreb's Toxic Radiance  Pois           ##......     45%         4    #####..
 Venom Bolt               Conj/Pois      #.........   92%         5    ######.


Dungeon Overview and Level Annotations

Branches:
Dungeon (1/15)

Altars:


Message History

You hit the leopard gecko.
The leopard gecko is severely wounded.
The leopard gecko barely misses you.
You miss the leopard gecko.
The leopard gecko is severely wounded.
The leopard gecko bites you.
* * * LOW HITPOINT WARNING * * *
The leopard gecko bites you.
* * * LOW HITPOINT WARNING * * *
You are too injured to fight recklessly!
You are too injured to fight recklessly!
You are too injured to fight recklessly!
The leopard gecko misses you.
Casting: Sting (safe; 9% risk of failure)
Confirm with . or Enter, or press ? or * to list all spells.
Aiming: Sting (safe; 9% risk of failure)
Press: ? - help, Shift-Dir - straight line, f/p - leopard gecko
Aim: a leopard gecko (severely wounded)
The sting misses the leopard gecko.
The leopard gecko bites you.
You die...

....#.......###
#..
#.............)
... +..
##......#.#####
... ##..
#....>........+
.... ...
..........#####.
... #
#......#..# .
..# #
########..# #.
#.###
#.).....l.###
#.. #.#.
#.####..@...#
#.# ##.#
#......####
#.###.#.
#.........#
#.#.#.#
#......##.#
##.#.<. #......#
# ##รท#.#.#
###......#
#.###.#.
#........# #.##
##.# #........#
#.. #.#.
#....##### ....
#.# #


You could see a leopard gecko.

Vanquished Creatures
  A dart slug (D:1)
  6 goblins (D:1)
  4 hobgoblins (D:1)
  2 bats (D:1)
  4 frilled lizards (D:1)
  A kobold (D:1)
  4 rats (D:1)
22 creatures vanquished.

Notes
Turn   | Place    | Note
-------+----------+-------------------------------------------
     0 | D:1      | Destapler the Merfolk Venom Mage began the quest for the
                  | Orb.
     0 | D:1      | Reached XP level 1. HP: 13/13 MP: 3/3
   207 | D:1      | Reached skill level 1 in Conjurations
   207 | D:1      | Reached XP level 2. HP: 14/19 MP: 1/5
   664 | D:1      | Reached XP level 3. HP: 24/24 MP: 0/6
   721 | D:1      | Slain by a leopard gecko

Levels and vault maps discovered:
D:1:      minmay_arrival_diagonal_passages, layout_basic

Skill      XL: |  1  2 |
---------------+-------+-----
Conjurations   | 1 |  1.1
Dodging        | 3 |  3.1
Stealth        | |  2.6
Spellcasting   | |  2.2
Poison Magic   | |  3.5

Action                   || total
-------------------------++-------
Melee: Dagger            ||    35
       Unarmed           ||     4
       Spear             ||    13
 Cast: Sting             ||    32
 Stab: Sleeping          ||     3
Armor: Robe              ||    16
Dodge: Dodged            ||    45
